Map: Neon Violet Square LE

Players

PtitDrogo - Winner!

  • Race: Protoss Protoss
  • Spawn Location: 5:00

SortOf

  • Race: Zerg Zerg
  • Spawn Location: 11:00

Event: WCS Leipzig 2018

VOD

Have the link to the VOD?

Description

Time

  • Played on: Jan. 26, 2018, 10:15 a.m.
  • Length: 7:11

All games in this series

Show
View Real Time Build Order
Export as new Build Order

PtitDrogo Protoss - Winner!

Build Orders: 1 Gate Expand, Oracle Opening, Phoenix Opening 

Get SALT Encoding   

  12  0:00  Probe  
  13  0:12  Probe  
  14  0:20  Pylon  
  14  0:25  Probe  
  15  0:38  Probe (Chrono Boost)  
  16  0:45  Gateway  
  16  0:48  Probe (Chrono Boost), Assimilator  
  17  0:53  Probe (Chrono Boost)  
  18  1:05  Probe  
  19  1:22  Nexus  
  19  1:26  Probe  
  20  1:35  Cybernetics Core  
  20  1:39  Probe  
  21  1:45  Assimilator  
  21  1:51  Probe  
  22  1:56  Pylon  
  22  2:03  Probe  
  23  2:12  Adept (Chrono Boost)  
  26  2:15  Probe  
  26  2:19  Stargate  
  26  2:27  Warp Gate  
  26  2:29  Probe (Chrono Boost)  
  27  2:31  Adept  
  27  2:35  Probe (Chrono Boost)  
  30  2:41  Probe (Chrono Boost)  
  32  2:44  Probe (Chrono Boost)  
  32  2:46  Probe (Chrono Boost)  
  32  2:49  Probe (Chrono Boost)  
  33  2:55  Probe  
  35  3:00  Oracle (Chrono Boost)  
  35  3:01  Probe  
  39  3:07  Probe  
  40  3:13  Probe  
  40  3:16  Pylon  
  40  3:19  Probe  
  42  3:20  Pylon  
  42  3:23  Gateway  
  42  3:26  Probe  
  43  3:31  Probe  
  43  3:32  Phoenix (Chrono Boost)  
  46  3:38  Probe  
  46  3:40  Assimilator  
  47  3:43  Adept, Probe  
  47  3:48  Assimilator  
  50  3:51  Probe  
  51  4:05  Probe x2  
  51  4:07  Robotics Facility  
  53  4:17  Probe  
  54  4:26  Gateway  
  54  4:27  Gateway  
  54  4:28  Gateway  
  54  4:29  Gateway  
  54  4:34  Sentry  
  54  4:35  Sentry  
  54  4:36  Gateway  
  54  4:38  Gateway  
  58  4:47  Pylon x2  
  58  4:59  Robotics Bay  
  58  5:04  Warp Prism (Chrono Boost)  
  60  5:15  Sentry  
  60  5:16  Sentry  
  60  5:17  Pylon  
  60  5:19  Pylon  
  64  5:30  Adept x2, Sentry x2  
  72  5:38  Pylon  
  72  5:39  Pylon  
  72  5:50  Adept x6  
  82  6:04  Sentry x2  
  82  6:10  Stalker x4  
  94  6:12  Zealot  
  96  6:29  Stalker x4  
  102  6:41  Zealot x3  
  102  6:46  Probe  
  99  6:55  Stalker x3  
  103  7:02  Adept x2  
  103  7:07  Adept  
  103  7:08  Adept  
Show
View Real Time Build Order
Export as new Build Order

SortOf Zerg 

Build Orders: Hatch First 

Get SALT Encoding   

  12  0:01  Drone  
  13  0:13  Overlord  
  13  0:18  Drone  
  14  0:31  Drone x2  
  16  0:39  Drone  
  17  0:53  Hatchery  
  17  0:56  Drone  
  17  0:59  Drone  
  18  1:06  Extractor  
  17  1:15  Spawning Pool  
  16  1:18  Drone  
  16  1:21  Drone  
  18  1:28  Drone  
  19  1:40  Drone  
  20  1:50  Overlord  
  20  2:03  Queen  
  20  2:06  Zergling x2, Queen  
  20  2:07  Zergling x2  
  26  2:11  Metabolic Boost  
  26  2:13  Drone  
  27  2:16  Drone  
  29  2:22  Drone  
  29  2:29  Drone  
  30  2:33  Drone  
  31  2:42  Hatchery  
  30  2:45  Drone  
  31  2:52  Overlord  
  31  2:53  Drone  
  31  2:56  Drone  
  33  2:59  Drone  
  33  3:03  Queen  
  36  3:14  Overlord  
  36  3:15  Drone x3  
  36  3:17  Drone  
  36  3:19  Drone  
  41  3:23  Spore Crawler  
  41  3:25  Drone  
  41  3:33  Drone  
  42  3:35  Overlord  
  42  3:39  Queen  
  44  3:41  Drone x2  
  44  3:45  Lair  
  46  3:50  Drone x2  
  46  3:51  Drone  
  46  3:52  Drone  
  50  4:02  Drone x3  
  50  4:04  Roach Warren  
  50  4:05  Drone  
  50  4:07  Drone  
  51  4:11  Drone  
  51  4:15  Extractor x2  
  51  4:17  Drone x2  
  52  4:23  Extractor, Overlord  
  51  4:26  Overlord  
  51  4:27  Drone x3  
  54  4:34  Queen  
  56  4:44  Overseer  
  56  4:48  Glial Reconstitution  
  56  4:50  Queen  
  58  4:57  Drone  
  59  5:04  Hydralisk Den  
  57  5:10  Roach x2  
  57  5:11  Overlord  
  57  5:12  Zergling x2  
  57  5:13  Zergling x16  
  70  5:23  Roach x2, Overlord  
  74  5:32  Roach x3  
  74  5:33  Roach  
  81  5:41  Nydus Network  
  79  5:44  Roach  
  79  5:45  Roach x2  
  79  5:49  Overlord  
  85  5:53  Roach x2  
  86  5:57  Roach  
  86  5:58  Roach  
  89  6:06  Ravager, Queen  
  91  6:16  Roach x3  
  91  6:17  Roach  
  97  6:24  Nydus Canal  
  97  6:29  Roach  
  97  6:30  Overlord  
  97  6:31  Ravager  
  90  6:41  Roach  
  90  6:43  Roach x2  
  87  6:47  Roach  
  87  6:49  Roach x5  
  87  6:51  Roach  
Tags
 
Add a new tag
Caveats
  • Supply blocks, unpowered buildings, or Contaminate may cause inaccurate times.
  • Supply counts are checked every 10 seconds.